 Dungeon Crawl Stone Soup version 0.28.0-53-g5a82cb258f (webtiles) character file.

Game seed: 1277067582306644926

499 DocClef the Ruffian (level 6, -5/54 HPs)
             Began as a Troll Transmuter on June 28, 2022.
             Was an Initiate of Jiyva.
             Shot with an arrow by a centaur (10 damage)
             ... on level 7 of the Dungeon.
             The game lasted 00:05:12 (3064 turns).

DocClef the Ruffian (Troll Transmuter)              Turns: 3064, Time: 00:05:12

Health: -5/54      AC:  4    Str: 19    XL:     6   Next: 94%
Magic:  0/6        EV:  5    Int: 11    God:    Jiyva [......]
Gold:   94         SH:  0    Dex: 10    Spells: 6/7 levels left

rFire   . . .      SeeInvis .     - Unarmed
rCold   . . .      Faith    .   (no shield)
rNeg    . . .      Spirit   +   a - +0 robe
rPois   .          Reflect  .   (helmet restricted)
rElec   .          Harm     .   (no cloak)
rCorr   .          Rampage  .   (gloves unavailable)
Will    .....                   (boots unavailable)
Stlth   +.........              k - amulet of guardian spirit
HPRegen 0.98/turn               j - ring of flight
MPRegen 0.10/turn               (no ring)

@: marked, flying, very slightly contaminated, held
A: large, unfitting armour, claws 3, regeneration 1, shaggy fur 1, tough skin 1
a: Renounce Religion


You were on level 7 of the Dungeon.
You worshipped Jiyva.
Jiyva was noncommittal.
You visited 1 branch of the dungeon, and saw 5 of its levels.
You also visited: Sewer.

You collected 94 gold pieces.

Inventory:

Armour
 a - a +0 robe (worn)
Jewellery
 j - a ring of flight (left claw)
 k - an amulet of guardian spirit (around neck)
 n - an amulet of the acrobat
Scrolls
 g - a scroll of silence
 h - a scroll of fog
 i - a scroll of teleportation
 p - a scroll of identify
 r - 2 scrolls of magic mapping
Potions
 b - a potion of resistance
 c - 3 potions of haste
 d - 2 potions of heal wounds
 e - a potion of might
 f - 2 potions of berserk rage {unknown}
 l - 2 potions of cancellation {unknown}
 m - a potion of invisibility {unknown}
 o - a potion of degeneration {unknown}
 q - a potion of brilliance {unknown}


   Skills:
 - Level 0.7 Fighting
 - Level 1.5 Dodging
 + Level 6.7 Unarmed Combat
 - Level 1.2 Spellcasting
 - Level 3.4 Transmutations


You had 6 spell levels left.
You knew the following spells:

 Your Spells              Type           Power      Damage    Failure   Level
a - Beastly Appendage     Tmut           16%        N/A       8%          1

Your spell library contained the following spells:

 Spells                   Type           Power      Damage    Failure   Level
 Wereblood                Tmut           8%         N/A       12%         2
 Animate Skeleton         Necr           0%         N/A       32%         1
 Pain                     Necr           0%         1d4       32%         1
 Spider Form              Tmut/Pois      4%         N/A       43%         3
 Ozocubu's Armour         Ice            0%         N/A       67%         3
 Vampiric Draining        Necr           0%         2d6       67%         3
 Ice Form                 Ice/Tmut       4%         N/A       83%         4
 Ozocubu's Refrigeration  Ice            0%         4d5       100%        7


Dungeon Overview and Level Annotations

Branches:
Dungeon (4/15)              Sewer (visited)
 Temple: D:4-7

Altars:

Shops:
D:4 *

Annotations:
D:7 Harold


Innate Abilities, Weirdness & Mutations

You are too large for most types of armour.
You have claws for hands.
Your natural rate of healing is unusually fast.
You are covered in fur. (AC +1)
You have tough skin. (AC +1)


Message History

Harold shouts!
Harold throws a throwing net.
The throwing net hits you.
You become entangled in the net!
You see here a throwing net.
You struggle against the net.
Harold says, "Let's make it quick, okay?
I've got mouths to feed."
You struggle against the net.
A centaur comes into view.
You struggle against the net.
The centaur shouts!
The centaur wields a +0 shortbow.
The centaur shoots an arrow.
The arrow hits you! Harold fires a harpoon shot at you.
The harpoon shot hits you!
You are yanked forward by the harpoon shot.
Casting: Beastly Appendage (safe; 8% risk of failure)
Confirm with . or Enter, or press ? or * to list all spells.
You miscast Beastly Appendage.
You are very lightly contaminated with residual magic.
Nothing appears to happen.
Harold closely misses you.
Unknown command.
Harold hits you with a +1 hand axe of venom!!
You barely miss Harold.
The centaur shoots an arrow.
The arrow hits you!
* * * LOW HITPOINT WARNING * * *
Harold hits you with a +1 hand axe of venom.
* * * LOW HITPOINT WARNING * * *
Harold hits you with a +1 hand axe of venom.
* * * LOW HITPOINT WARNING * * *
You hear a series of splatters.
Unknown command.
Harold casts a spell at you. A sentinel's mark forms upon you.
The centaur shoots an arrow.
The arrow hits you.
* * * LOW HITPOINT WARNING * * *
Harold throws a throwing net.
The throwing net hits you.
You become entangled in the net!
You see here a throwing net.
You tear a large gash into the net.
The centaur shoots an arrow.
The arrow hits you!
You die...

##### ### ### #.... #...
..## #...>
##...####..##### #....
...............# #....
........##@....#####....
#........c.[...........
...###@###........#....
#.# #.......#..... #.#
#....#........ ...
#c...#..#.....
...#...#.#......##
......###.......[..
....####...........
.....# #...#.....##. .
#.#.......#..


You could see Harold and a centaur.

Vanquished Creatures
  A water moccasin (D:7)
  3 jellies (Sewer)
  A hound (D:4)
  2 orc wizards (D:3)
  5 adders
  4 river rats
  3 worms
  4 dart slugs
  8 orcs
  13 ball pythons
  4 bats
  19 endoplasms
  9 giant cockroaches
  4 goblins
  6 hobgoblins
  8 jackals
  5 kobolds
  4 quokkas
  8 frilled lizards
  10 rats
121 creatures vanquished.

Vanquished Creatures (others)
  A rat (Sewer)
1 creature vanquished.

Grand Total: 122 creatures vanquished

Notes
Turn   | Place    | Note
-------+----------+-------------------------------------------
     0 | D:1      | DocClef the Troll Transmuter began the quest for the Orb.
     0 | D:1      | Reached XP level 1. HP: 18/18 MP: 1/1
   107 | D:1      | Reached XP level 2. HP: 26/26 MP: 2/2
   665 | D:1      | Reached XP level 3. HP: 30/32 MP: 3/3
  1511 | D:2      | Reached XP level 4. HP: 33/40 MP: 2/4
  1756 | D:3      | Reached XP level 5. HP: 44/46 MP: 5/5
  1979 | D:3      | Reached skill level 4 in Unarmed Combat
  2117 | D:3      | Found a faded altar of an unknown god.
  2414 | D:4      | Found Mnazloa's Merry Market.
  2479 | D:4      | Found a glowing drain.
  2489 | D:4      | Reached skill level 5 in Unarmed Combat
  2510 | Sewer    | Entered a sewer
  2539 | Sewer    | Reached XP level 6. HP: 54/54 MP: 3/6
  2868 | Sewer    | Found a viscous altar of Jiyva.
  2873 | Sewer    | Reached skill level 6 in Unarmed Combat
  2886 | Sewer    | Became a worshipper of Jiyva Jugisuty the Shapeless
  2998 | D:4      | You are sucked into a shaft and drop 3 floors!
  2998 | D:7      | Noticed a water moccasin
  3003 | D:7      | Killed a water moccasin
  3054 | D:7      | Noticed Harold
  3064 | D:7      | Shot with an arrow by a centaur

Illustrated notes

Levels and vault maps discovered:
D:1:      dpeg_arrival_shrine, layout_basic, minivault_24, minivault_5
D:2:      layout_basic
D:3:      layout_basic, ebering_ecumenical_altar_hall
D:4:      layout_basic, portal_sewer_entry_b, nicolae_alphabet_shops,
          kennysheep_generic_room_3
D:7:      layout_rooms, uniq_harold

Skill      XL: |  1  2  3  4  5  6 |
---------------+-------------------+-----
Transmutations | 2 3 |  3.4
Unarmed Combat | 5 6 |  6.7
Fighting       | |  0.7
Dodging        | |  1.5
Spellcasting   | |  1.2

Action                   |  1- 3 |  4- 6 || total
-------------------------+-------+-------++-------
Melee: Unarmed           |   124 |   201 ||   325
       Punch             |     1 |     2 ||     3
       Kick              |       |     5 ||     5
       Headbutt          |       |     3 ||     3
 Cast: Beastly Appendage |     1 |     5 ||     6
  Use: Scroll            |       |    10 ||    10
 Stab: Distracted        |     1 |       ||     1
       Sleeping          |       |     3 ||     3
Armor: Robe              |    29 |    61 ||    90
Dodge: Dodged            |    63 |    92 ||   155
